 Dungeon Crawl Stone Soup version 0.27-a0-379-g34d631faf5 (webtiles) character file.

Game seed: 13688921194758616792

56 EnegeticOcto the Chiller (level 4, -2/27 HPs)
             Began as a Halfling Ice Elementalist on Feb 17, 2021.
             Slain by an adder (4 damage)
             ... on level 4 of the Dungeon.
             The game lasted 00:01:58 (346 turns).

EnegeticOcto the Chiller (Halfling Ice Elementalist) Turns: 346, Time: 00:01:59

Health: -2/27      AC:  2    Str:  9    XL:     4   Next: 17%
Magic:  6/6        EV: 15    Int: 14    God:
Gold:   23         SH:  0    Dex: 14    Spells: 5/6 levels left

rFire    . . .     SeeInvis .   d - +2 dagger (venom)
rCold    . . .     Faith    .   (shield restricted)
rNeg     . . .     Spirit   .   a - +0 robe
rPois    .         Reflect  .   (no helmet)
rElec    .         Harm     .   (no cloak)
rCorr    .         Rampage  .   (no gloves)
Will     .....                  (no boots)
Stlth    ++........             (no amulet)
HPRegen  0.09/turn              (no ring)
MPRegen  0.10/turn              (no ring)

@: no status effects
A: small, mutation resistance 1
a: no special abilities


You were on level 4 of the Dungeon.
You visited 1 branch of the dungeon, and saw 4 of its levels.

You collected 23 gold pieces.

Inventory:

Hand Weapons
 b - a +0 short sword
   (You took it off a kobold on level 1 of the Dungeon)
 d - a +2 dagger of venom (weapon)
   (You took it off a goblin on level 1 of the Dungeon)
Missiles
 c - 7 boomerangs
Armour
 a - a +0 robe (worn)
Scrolls
 e - a scroll of fog {unknown}


   Skills:
 + Level 2.5 Short Blades
 - Level 2.1 Dodging
 - Level 2.1 Stealth
 - Level 1.5 Spellcasting
 + Level 4.9 Ice Magic


You had 5 spell levels left.
You knew the following spells:

 Your Spells              Type           Power        Failure   Level
a - Freeze                Ice            56%          3%          1

Your spell library contained the following spells:

 Spells                   Type           Power        Failure   Level
 Frozen Ramparts          Ice            28%          10%         3
 Ozocubu's Armour         Ice            14%          10%         3
 Hailstorm                Conj/Ice       7%           65%         4
 Summon Ice Beast         Ice/Summ       7%           65%         4


Dungeon Overview and Level Annotations

Branches:
Dungeon (4/15)
 Temple: D:4-7

Altars:
Elyvilon


Innate Abilities, Weirdness & Mutations

You are small and have problems with some larger weapons.
You are somewhat resistant to further mutation.


Message History

You feel clever.
A worm comes into view.
Found 7 gold pieces.
A jackal comes into view.
The jackal barks!
You hear a bark!
A jackal comes into view.
A jackal comes into view.
The jackal barks! x2
A jackal comes into view.
The jackal moves out of view.
The jackal barely misses you.
You barely miss the jackal.
The jackal bites you but does no damage.
The jackal misses you.
You closely miss the jackal. The jackal barely misses you.
The jackal closely misses you.
You barely miss the jackal. The jackal misses you.
The jackal completely misses you. The jackal barely misses you.
You hit the jackal.
The jackal is poisoned.
The jackal is heavily wounded.
The jackal bites you.
You hit the jackal.
The jackal looks even sicker.
The jackal is almost dead.
The jackal closely misses you.
You hit the jackal.
You kill the jackal!
You hit the jackal but do no damage. The jackal misses you.
The jackal completely misses you.
You closely miss the jackal. The jackal barely misses you.
You barely miss the jackal. The jackal closely misses you.
You closely miss the jackal.
The jackal bites you but does no damage.
You closely miss the jackal. The jackal bites you. x2
You hit the jackal.
The jackal is poisoned.
The jackal is lightly wounded.
The jackal closely misses you.
You hit the jackal but do no damage.
The jackal looks as sick as possible!
The jackal is moderately wounded.
The jackal closely misses you.
You hit the jackal.
You kill the jackal!
You barely miss the jackal. The jackal closely misses you.
The jackal completely misses you.
You barely miss the jackal. The jackal bites you.
You are too injured to fight recklessly!
You are too injured to fight recklessly!
You hit the jackal but do no damage. The jackal barely misses you.
You hit the jackal.
The jackal is poisoned.
The jackal is severely wounded.
You kill the jackal!
The worm barely misses you.
Things that are here:
a jackal corpse; a jackal corpse; a jackal corpse You hit the worm.
The worm is lightly wounded.
The worm misses you.
You hit the worm.
The worm is poisoned.
The worm is lightly wounded.
The worm bites you.
You hit the worm but do no damage.
The worm looks as sick as possible!
The worm is lightly wounded.
You hit the worm.
The worm looks as sick as possible!
The worm is heavily wounded.
A hobgoblin comes into view.
The hobgoblin shouts!
You hear a bark!
An adder comes into view.
The adder hisses angrily.
There is a stone staircase leading down here.
You kill the worm!
You climb downwards. 2 orcs and an orc wizard come into view.
The orc shouts!
The orc wizard shouts!
The orc shouts!
You hear an angry hiss.
Found 7 gold pieces and a leather armour.
Found a stone staircase leading up.
There is a stone staircase leading up here.
You hit the orc wizard.
The orc wizard is poisoned.
The orc wizard is moderately wounded.
An adder comes into view.
You barely miss the orc wizard.
The orc wizard is moderately wounded.
The orc completely misses you. The orc wizard casts a spell at you.
The puff of flame hits you!
* * * LOW HITPOINT WARNING * * *
The adder completely misses you. The adder bites you.
* * * LOW HITPOINT WARNING * * *
You kill the orc wizard!
The adder bites you.
* * * LOW HITPOINT WARNING * * *
Your Short Blades skill increases to level 2!
You have reached level 4!
A phantom comes into view.
You barely miss the adder. The adder bites you.
* * * LOW HITPOINT WARNING * * *
The adder misses you. The adder closely misses you. The adder misses you.
The adder bites you.
You die...

..# ####.##
..#...
#....#
#....#
#..W.###.#
#........#
#.#@# #.#S#
#..o# ##.##
. #)..# .⌠
##.⌠.+ ...
#....# #[..
##...##
#....#....#


You could see a phantom, an adder and an orc.

Vanquished Creatures
  An orc wizard (D:4)
  2 adders
  A worm (D:3)
  A hobgoblin (D:1)
  3 jackals (D:3)
  2 kobolds
  A frilled lizard (D:2)
  A goblin (D:1)
  A rat (D:1)
13 creatures vanquished.

Notes
Turn   | Place    | Note
-------+----------+-------------------------------------------
     0 | D:1      | EnegeticOcto the Halfling Ice Elementalist began the quest
                  | for the Orb.
     0 | D:1      | Reached XP level 1. HP: 11/11 MP: 3/3
   222 | D:2      | Found a white marble altar of Elyvilon.
   239 | D:2      | Reached skill level 1 in Short Blades
   239 | D:2      | Reached XP level 2. HP: 17/17 MP: 4/4
   286 | D:3      | Reached XP level 3. HP: 21/21 MP: 5/5
   342 | D:4      | Reached skill level 2 in Short Blades
   342 | D:4      | Reached XP level 4. HP: 4/27 MP: 6/6
   342 | D:4      | Noticed a phantom
   343 | D:4      | HP: 1/27 [adder (3)]
   346 | D:4      | Slain by an adder

Illustrated notes

Levels and vault maps discovered:
D:1:      evilmike_arrival_rings, layout_basic, hangedman_decor_points
D:2:      layout_loops_ring, elyvilon_altar_1, uniq_crazy_yiuf_cottage
D:3:      layout_basic
D:4:      layout_basic, okawaru_gym_becter, minmay_misc_feat_pillars,
          grunt_ministairs_13, minmay_tree_intersection

Skill      XL: |  1  2  3 |
---------------+----------+-----
Short Blades   | 1 2 |  2.5
Dodging        | |  2.1
Stealth        | |  2.1
Spellcasting   | |  1.5
Ice Magic      | |  4.9

Action                   |  1- 3 |  4- 6 || total
-------------------------+-------+-------++-------
Melee: Short sword       |     8 |       ||     8
       Dagger            |    30 |     1 ||    31
 Cast: Freeze            |     4 |       ||     4
 Stab: Sleeping          |     2 |       ||     2
Armor: Robe              |     2 |       ||     2
Dodge: Dodged            |    32 |     3 ||    35

Table legend: (Time is in decaauts)
 A = Elapsed time spent in this place.
 B = Non-inter-level travel time spent in this place.
 C = Inter-level travel time spent in this place.
 D = Time resting spent in this place.
 E = Time spent auto-exploring this place.
 F = Levels seen in this place.
 G = Mean time per level.
                   A        B        C        D        E       F      G
               +--------+--------+--------+--------+--------+-----+--------+
         Total |    344 |    342 |      2 |      0 |      0 |   4 |   86.0 |
       Dungeon |    344 |    342 |      2 |      0 |      0 |   4 |   86.0 |
               +--------+--------+--------+--------+--------+-----+--------+

Top non-repeatable levels by time:
     D:1: 142 daAuts
     D:2: 140 daAuts
     D:3: 45 daAuts
     D:4: 15 daAuts
